 Dungeon Crawl Stone Soup version 0.26.0-45-g9c1d065592 (webtiles) character file.

Game seed: 657750701306340542

2594 oldmanjim the Cleaver (level 9, -1/81 HPs)
             Began as a Hill Orc Monk on Jan 26, 2021.
             Was a Believer of Beogh.
             Slain by a hornet (4 damage)
             ... on level 7 of the Dungeon on Jan 27, 2021.
             The game lasted 00:52:56 (8356 turns).

oldmanjim the Cleaver (Hill Orc Monk)               Turns: 8356, Time: 00:52:58

Health: -1/81      AC: 12    Str: 17    XL:     9   Next: 58%
Magic:  11/14      EV:  8    Int: 10    God:    Beogh [**....]
Gold:   365        SH:  5    Dex: 13    Spells: 8/8 levels left

rFire    . . .     SeeInvis .   y - +2 whip (elec)
rCold    . . .     Faith    .   p - +0 buckler
rNeg     . . .     Spirit   .   D - +0 chain mail
rPois    +         Reflect  .   O - +0 hat
rElec    .         Harm     .   r - +0 cloak
rCorr    +         Rampage  .   j - +1 pair of gloves
Will     .....                  (no boots)
Stlth    ..........             (no amulet)
HPRegen  0.23/turn              e - ring of resist corrosion
MPRegen  0.14/turn              u - ring of poison resistance

@: lethally poisoned (-1 -> -2), slowed, very slow
A: no striking features
a: Renounce Religion, Smiting


You were on level 7 of the Dungeon.
You worshipped Beogh.
Beogh was pleased with you.
You visited 1 branch of the dungeon, and saw 8 of its levels.
You also visited: Ossuary.

You collected 449 gold pieces.
You spent 84 gold pieces at shops.

Inventory:

Hand Weapons
 o - a +0 war axe
 w - a +1 spectral quarterstaff
 y - a +2 whip of electrocution (weapon)
Missiles
 a - 22 sling bullets
 k - 6 boomerangs
 l - 11 poisoned darts (quivered)
 q - 8 curare-tipped darts
 L - 2 javelins
Armour
 j - a +1 pair of gloves (worn)
 p - a +0 buckler (worn)
 r - a +0 cloak (worn)
 D - a +0 chain mail (worn)
 J - a +0 plate armour
 O - a +0 hat (worn)
Jewellery
 e - a ring of resist corrosion (left hand)
 u - a ring of poison resistance (right hand)
 v - an uncursed ring of stealth
 E - an uncursed ring of stealth
 F - an uncursed ring of protection from fire {unknown}
 H - a +4 ring of evasion {unknown}
 I - a +6 ring of strength {unknown}
Wands
 s - a wand of flame (10)
 N - a wand of random effects (8)
Scrolls
 b - 2 scrolls of magic mapping {unknown}
 g - 2 scrolls of immolation
 h - 2 scrolls of amnesia {unknown}
 i - 3 scrolls of enchant armour
 x - a scroll of fog
 A - 4 scrolls of teleportation {unknown}
 G - a scroll of noise {unknown}
 K - a scroll of identify
Potions
 c - 3 potions of heal wounds
 d - a potion of resistance
 f - 2 potions of cancellation {unknown}
 n - 2 potions of mutation
 t - 3 potions of haste
 z - 2 potions of ambrosia
 B - 7 potions of curing
 C - 3 potions of might
 P - a potion of attraction {unknown}
 Q - a potion of degeneration {unknown}
 R - a potion of lignification {unknown}
 S - a potion of brilliance {unknown}


   Skills:
 + Level 8.2 Fighting
 + Level 10.8 Axes
 - Level 3.0 Armour
 - Level 2.4 Dodging
 - Level 1.5 Stealth
 + Level 5.2 Shields
 + Level 7.0 Invocations


You had 8 spell levels left.
You didn't know any spells.
Your spell library contained the following spells:

 Spells                   Type           Power        Failure   Level
 Magic Dart               Conj           0%           99%         1
 Blink                    Tloc           N/A          100%        2
 Call Imp                 Summ           0%           100%        2
 Slow                     Hex            0%           100%        2
 Conjure Flame            Conj/Fire      0%           100%        3
 Mephitic Cloud           Conj/Pois/Air  0%           100%        3


Dungeon Overview and Level Annotations

Branches:
Dungeon (8/15)             Temple (0/1) D:7         Ossuary (visited)
   Lair: D:8-11

Altars:
Elyvilon
Fedhas
Kikubaaqudgha

Shops:
D:4 }}!*   D:6 (

Annotations:
D:5 1 runed translucent door, exclusion: door, Crazy Yiuf
D:8 Harold


Message History

The hornet stings you!
* * * LOW HITPOINT WARNING * * *
You closely miss the hornet.
The hornet is moderately wounded.
The hornet stings you.
* * * LOW HITPOINT WARNING * * *
You miss the hornet.
The hornet is moderately wounded.
You feel sick.
The hornet stings you but does no damage.
The hornet stings you!
* * * LOW HITPOINT WARNING * * *
You feel as though you will be slow longer.
Aiming: Smiting
Press: ? - help, Dir - move target, f - hornet Smite: a hornet (moderately wounded)
You smite the hornet!
The hornet is almost dead.
You feel sick. The hornet stings you.
You die...

###### .....#
.....# ≈≈...#
≈⌠≈..#
..≈..#############
................@#
############.###y#
##### #.# #.#
....### #.# #.#
......# #.# #.#
....#.######.# #.#
....#........# #.#
##########.#.# #.#
.#########.#.# #.#


You could see a hornet.

Vanquished Creatures
  A hornet (D:7)
  Prince Ribbit (D:5)
  Sigmund (D:5)
  Eustachio (D:5)
  Duvessa (D:5)
  An ice beast (D:7)
  3 ogres
  3 centaurs
  3 bullfrogs (D:6)
  A scorpion (D:5)
  Dowan (D:5)
  The ghost of Hehehe the Chopper, a weakling DDFi (D:3)
  A bullfrog zombie (D:7)
  3 centaur zombies
  2 hounds
  A centaur skeleton (D:5)
  A jelly (D:5)
  An iguana (D:4)
  5 orc wizards
  6 worker ants
  A big kobold zombie (Ossuary)
  8 mummies (Ossuary)
  8 adders
  A howler monkey skeleton (D:6)
  2 oozes (D:3)
  2 worms
  5 dart slugs
  A leopard gecko (D:6)
  8 orcs
  2 ball pythons
  9 bats
  3 giant cockroaches
  8 goblins
  7 hobgoblins
  11 jackals
  9 kobolds
  A quokka (D:6)
  2 frilled lizards
  2 gnoll zombies (Ossuary)
  2 hobgoblin zombies (Ossuary)
  2 kobold zombies (Ossuary)
  A leopard gecko skeleton (D:5)
  An orc zombie (Ossuary)
  2 quokka skeletons
  A quokka zombie (D:6)
  4 rats
141 creatures vanquished.

Vanquished Creatures (others)
  A sky beast (D:6)
  An orc (D:4)
2 creatures vanquished.

Grand Total: 143 creatures vanquished

Notes
Turn   | Place    | Note
-------+----------+-------------------------------------------
     0 | D:1      | oldmanjim the Hill Orc Monk began the quest for the Orb.
     0 | D:1      | Reached XP level 1. HP: 19/19 MP: 1/1
   394 | D:1      | Reached XP level 2. HP: 26/27 MP: 2/2
   796 | D:1      | Reached XP level 3. HP: 34/34 MP: 3/3
  1877 | D:2      | Found a white marble altar of Elyvilon.
  1887 | D:2      | Reached skill level 5 in Axes
  2000 | D:2      | Reached skill level 1 in Shields
  2000 | D:2      | Reached XP level 4. HP: 35/41 MP: 4/4
  2172 | D:2      | Reached skill level 5 in Fighting
  2628 | D:3      | Found a runed translucent door.
  2631 | D:3      | Noticed Hehehe's ghost (weakling DDFi)
  2648 | D:3      | Killed Hehehe's ghost
  2649 | D:3      | Reached XP level 5. HP: 5/48 MP: 5/5
  3338 | D:3      | Found an ancient bone altar of Kikubaaqudgha.
  3873 | D:4      | Found Anaireyrr's Gadget Boutique.
  3955 | D:4      | Upgraded the game from 0.26.0-41-g79a4fc7684 to
                  | 0.26.0-45-g9c1d065592
  3972 | D:4      | Reached skill level 6 in Axes
  3984 | D:4      | Noticed an ogre
  4005 | D:4      | Killed an ogre
  4006 | D:4      | Reached XP level 6. HP: 35/56 MP: 6/6
  4313 | D:4      | Found Vothok's General Store.
  4453 | D:4      | Became a worshipper of Beogh the Brigand
  4453 | D:4      | Reached * piety under Beogh
  4453 | D:4      | Reached ** piety under Beogh
  4528 | D:4      | Found Afioch's Gadget Boutique.
  4614 | D:4      | Found Huros's Distillery.
  4634 | D:4      | Reached skill level 7 in Axes
  4695 | D:4      | Bought a potion of curing for 36 gold pieces
  4695 | D:4      | Bought a potion of might for 48 gold pieces
  4855 | D:5      | Entered Level 5 of the Dungeon
  4929 | D:5      | Found a runed translucent door.
  4930 | D:5      | Noticed Crazy Yiuf
  5088 | D:5      | Noticed Prince Ribbit
  5107 | D:5      | Killed Prince Ribbit
  5108 | D:5      | Reached skill level 8 in Axes
  5108 | D:5      | Reached skill level 5 in Shields
  5108 | D:5      | Reached XP level 7. HP: 37/61 MP: 7/7
  5229 | D:5      | Noticed Sigmund
  5240 | D:5      | Killed Sigmund
  5241 | D:5      | Reached skill level 1 in Armour
  5241 | D:5      | Reached skill level 1 in Invocations
  5393 | D:5      | Found a blossoming altar of Fedhas.
  5415 | D:5      | Reached XP level 8. HP: 69/69 MP: 9/9
  5454 | D:5      | Noticed Dowan
  5455 | D:5      | Noticed Duvessa
  5457 | D:5      | Killed Dowan
  5464 | D:5      | Killed Duvessa
  5465 | D:5      | Reached skill level 9 in Axes
  5712 | D:5      | Noticed Eustachio
  5723 | D:5      | Killed Eustachio
  6237 | D:6      | Found Onalo's Weapon Shoppe.
  6386 | D:6      | Reached skill level 5 in Invocations
  6407 | D:5      | Reached XP level 9. HP: 35/79 MP: 12/12
  6620 | D:6      | Reached skill level 10 in Axes
  6966 | D:7      | Noticed a hornet
  6988 | D:7      | Killed a hornet
  7066 | D:7      | Found a staircase to the Ecumenical Temple.
  7366 | D:7      | Found a sand-covered staircase.
  7371 | Ossuary  | Entered an ossuary
  8341 | D:8      | Noticed a hornet
  8345 | D:8      | Noticed Harold
  8355 | D:7      | HP: 3/81 [hornet (10)]
  8356 | D:7      | Slain by a hornet

Illustrated notes

Levels and vault maps discovered:
D:1:      lemuel_arrival_river_ford, layout_basic
D:2:      layout_basic, elyvilon_altar_3
D:3:      layout_basic, nicolae_overflow_hidden_temple, ebering_ghost_sewer_d,
          chequers_serial_rivers_room_a
D:4:      layout_cave_pools, serial_shops, nicolae_shop_statue_plus,
          nicolae_shop_statue_plus, shop, nicolae_shop_trees
D:5:      layout_loops_ring, fedhas_ov_isle_minmay, uniq_duvessa,
          uniq_prince_ribbit1, uniq_crazy_yiuf_cottage, uniq_eustachio,
          uniq_sigmund
D:6:      layout_rooms, serial_shops, nicolae_shop_behind_doors,
          hangedman_abyss_or_decor_lesser_grid
D:7:      layout_basic, minmay_temple_entry_water_ring,
          nicolae_ossuary_entry_plus, corexii_leaking_fountain
D:8:      layout_basic, minitemple, nicolae_overflow_crystal_walls,
          hangedman_feature_mirror, uniq_harold

Skill      XL: |  1  2  3  4  5  6  7  8  9 |
---------------+----------------------------+-----
Fighting       | 4 5 7 8 |  8.2
Axes           | 5 6 8 9 10 | 10.8
Shields        | 1 2 3 5 |  5.2
Armour         | 1 3 |  3.0
Invocations    | 2 5 7 |  7.0
Dodging        | |  2.4
Stealth        | |  1.5

Action                   |  1- 3 |  4- 6 |  7- 9 || total
-------------------------+-------+-------+-------++-------
Melee: Hand axe          |    99 |   190 |       ||   289
       War axe           |       |    17 |       ||    17
       Whip              |       |    10 |   254 ||   264
Throw: Boomerang         |    33 |     3 |    36 ||    72
       Dart              |     8 |    13 |    28 ||    49
       Javelin           |       |       |     2 ||     2
Invok: Convert to Beogh  |       |     1 |       ||     1
       Smiting           |       |       |     3 ||     3
Evoke: Wand              |       |     5 |     2 ||     7
  Use: Scroll            |       |    10 |       ||    10
 Stab: Sleeping          |     6 |     2 |       ||     8
       Distracted        |       |     1 |       ||     1
Armor: Robe              |    24 |    17 |       ||    41
       Ring mail         |       |    40 |       ||    40
       Chain mail        |       |    13 |    83 ||    96
Dodge: Dodged            |    59 |   116 |    73 ||   248
Block: Buckler           |     7 |    37 |    49 ||    93
